 Dungeon Crawl Stone Soup version 0.27-a0-661-gca034ae587 (webtiles) character file.

Game seed: 9430642055452081768

172 Allula97 the Twirler (level 5, -3/58 HPs)
             Began as a Demonspawn Gladiator on Mar 17, 2021.
             Slain by a bullfrog (7 damage)
             ... on level 6 of the Dungeon.
             The game lasted 00:03:02 (1854 turns).

Allula97 the Twirler (Demonspawn Gladiator)         Turns: 1854, Time: 00:03:02

Health: -3/58      AC:  6    Str: 15    XL:     5   Next: 27%
Magic:  5/5        EV: 11    Int: 10    God:
Gold:   116        SH:  0    Dex: 14    Spells: 4/4 levels left

rFire    . . .     SeeInvis +   a - +0 quarterstaff
rCold    . . .     Faith    .   (shield currently unavailable)
rNeg     . . .     Spirit   .   f - +0 ring mail
rPois    .         Reflect  .   (helmet unavailable)
rElec    .         Harm     .   (no cloak)
rCorr    .         Rampage  .   (no gloves)
Will     .....                  l - +0 pair of boots
Stlth    ..........             (no amulet)
HPRegen  0.19/turn              (no ring)
MPRegen  0.09/turn              (no ring)

@: berserking, very quick
A: antennae 3
a: no special abilities


You were on level 6 of the Dungeon.
You visited 1 branch of the dungeon, and saw 4 of its levels.

You collected 116 gold pieces.

Inventory:

Hand Weapons
 a - a +0 quarterstaff (weapon)
Missiles
 d - 3 throwing nets (quivered)
Armour
 b - a +0 leather armour
 c - a +0 helmet
 f - a +0 ring mail (worn)
 l - a +0 pair of boots (worn)
Jewellery
 h - a ring of fire
Scrolls
 e - a scroll of random uselessness {unknown}
 i - a scroll of blinking {unknown}
 j - 2 scrolls of amnesia {unknown}
Potions
 g - a potion of might {unknown}
 k - a potion of curing
 n - a potion of flight {unknown}


   Skills:
 * Level 2.7 Fighting
 * Level 4.2 Staves
 - Level 1.7 Throwing
 * Level 1.4 Armour
 * Level 3.2 Dodging
 * Level 1.2 Stealth


You had 4 spell levels left.
You didn't know any spells.
Your spell library was empty.

Dungeon Overview and Level Annotations

Branches:
Dungeon (2/15)

Altars:


Innate Abilities, Weirdness & Mutations

You have a pair of large antennae on your head. (SInv)


Message History

Your ring mail prevents you from hitting the bullfrog.
The bullfrog is severely wounded.
The bullfrog barely misses you.
The bullfrog swells and bulges.
The bullfrog barely misses you.
You sock the bullfrog!
You kill the bullfrog!
The bullfrog hits you.
* * * LOW HITPOINT WARNING * * *
Your Armour skill increases to level 1!
Your Stealth skill increases to level 1!
You have reached level 4!
You feel clever.
You feel better. The bullfrog hits you.
* * * LOW HITPOINT WARNING * * *
It was a potion of berserk rage.
A red film seems to cover your vision as you go berserk!
You feel yourself moving faster!
You feel mighty! The bullfrog hits you.
* * * LOW HITPOINT WARNING * * *
The bullfrog misses you.
You sock the bullfrog!
The bullfrog is severely wounded.
The bullfrog hits you but does no damage.
You sock the bullfrog!
You kill the bullfrog!
Your Staves skill increases to level 4!
You have reached level 5!
Your demonic ancestry asserts itself...
The antennae on your head grow some more.
You sock the bullfrog!
The bullfrog is heavily wounded.
The bullfrog hits you.
* * * LOW HITPOINT WARNING * * *
You closely miss the bullfrog.
The bullfrog is heavily wounded.
The bullfrog closely misses you.
You closely miss the bullfrog.
The bullfrog is heavily wounded.
The bullfrog hits you!
You die...

..$ # ..# #.
..# # #. ..#
..#.#.# ..#
..... ..#
..###..###..#
.......F@...#
..###..###..#
#.. .....
.... .......
..... ....##.
#..##.. .##.#
#.. #.. .# .#
.. ... .# #


You could see a bullfrog.

Vanquished Creatures
  2 bullfrogs (D:6)
  An adder (D:2)
  An ooze (D:1)
  5 goblins (D:1)
  4 hobgoblins
  4 kobolds (D:1)
  A quokka (D:3)
  4 bats (D:1)
  7 frilled lizards
  A quokka zombie (D:3)
  4 rats
34 creatures vanquished.

Notes
Turn   | Place    | Note
-------+----------+-------------------------------------------
     0 | D:1      | Allula97 the Demonspawn Gladiator began the quest for the
                  | Orb.
     0 | D:1      | Reached XP level 1. HP: 16/16 MP: 1/1
   202 | D:1      | Gained mutation: You have a pair of small antennae on your
                  | head. [demonic ancestry]
   202 | D:1      | Reached XP level 2. HP: 20/22 MP: 2/2
   224 | D:1      | Reached skill level 3 in Staves
  1200 | D:1      | Gained mutation: You have a pair of antennae on your head.
                  | [demonic ancestry]
  1200 | D:1      | Reached XP level 3. HP: 27/27 MP: 3/3
  1754 | D:2      | You fall into a shaft and drop 1 floor!
  1834 | D:3      | You fall into a shaft and drop 3 floors!
  1835 | D:6      | Noticed a bullfrog
  1836 | D:6      | Noticed a bullfrog
  1836 | D:6      | Noticed a bullfrog
  1847 | D:6      | Killed a bullfrog
  1848 | D:6      | Reached skill level 1 in Armour
  1848 | D:6      | Reached skill level 1 in Stealth
  1848 | D:6      | Reached XP level 4. HP: 5/34 MP: 4/4
  1851 | D:6      | Killed a bullfrog
  1852 | D:6      | Reached skill level 4 in Staves
  1852 | D:6      | Gained mutation: You have a pair of large antennae on your
                  | head. (SInv) [demonic ancestry]
  1852 | D:6      | Reached XP level 5. HP: 6/39 MP: 5/5
  1854 | D:6      | Slain by a bullfrog

Illustrated notes

Levels and vault maps discovered:
D:1:      onia_arrival_mini_spirals, layout_loops_corners, minmay_tetromino_l4
D:2:      layout_basic, nicolae_dithmenos_shadow_blocks,
          chequers_serial_rivers_large_a, uniq_natasha, uniq_crazy_yiuf_cottage,
          uniq_robin
D:3:      layout_rooms, nicolae_overflow_hidden_temple,
          nicolae_overflow_crystal_walls, serial_co_window_serial,
          co_window_of_opportunity_a, co_window_of_opportunity_a,
          co_window_corner_a, co_window_cross_1, co_window_of_opportunity_a,
          co_window_of_opportunity_b, co_window_corner_ca, co_window_2corner,
          co_window_broadway_c, co_window_broadway_c, co_window_corner_b,
          co_window_broadway_b, co_window_paths_d, glass_columns_a,
          glass_columns_a, glass_columns_a, uniq_jessica
D:6:      layout_basic, lemuel_crystal_altar, serial_shops, nicolae_shop_trees,
          minivault_27, st_stairs_2

Skill      XL: |  1  2  3  4 |
---------------+-------------+-----
Staves         | 3 4 |  4.2
Dodging        | 3 |  3.2
Armour         | 1 |  1.4
Stealth        | 1 |  1.2
Fighting       | |  2.7
Throwing       | |  1.7

Action                   |  1- 3 |  4- 6 || total
-------------------------+-------+-------++-------
Melee: Quarterstaff      |    99 |     5 ||   104
  Use: Potion            |     2 |     2 ||     4
 Stab: Sleeping          |     1 |       ||     1
Armor: Ring mail         |    50 |     1 ||    51
Dodge: Dodged            |    76 |     2 ||    78

Table legend: (Time is in decaauts)
 A = Elapsed time spent in this place.
 B = Non-inter-level travel time spent in this place.
 C = Inter-level travel time spent in this place.
 D = Time resting spent in this place.
 E = Time spent auto-exploring this place.
 F = Levels seen in this place.
 G = Mean time per level.
                   A        B        C        D        E       F      G
               +--------+--------+--------+--------+--------+-----+--------+
         Total |   1866 |   1824 |     42 |      0 |   1510 |   4 |  466.5 |
       Dungeon |   1866 |   1824 |     42 |      0 |   1510 |   4 |  466.5 |
               +--------+--------+--------+--------+--------+-----+--------+

Top non-repeatable levels by time:
     D:1: 1640 daAuts
     D:2: 126 daAuts
     D:3: 80 daAuts
     D:6: 19 daAuts
